 Dungeon Crawl Stone Soup version 0.29.1-12-g30fa7ad0bf (webtiles) character file.

Game seed: 10977291610677015151

707 ChadusMaximus the Trooper (level 7, 0/63 HPs)
             Began as a Minotaur Fighter on Dec 12, 2022.
             Slain by a gnoll
             ... wielding a +0 halberd
             ... led by a gnoll bouda
              (5 damage)
             ... on level 5 of the Dungeon.
             The game lasted 00:02:49 (3984 turns).

ChadusMaximus the Trooper (Minotaur Fighter)        Turns: 3984, Time: 00:02:51

Health: 0/63       AC: 11    Str: 23    XL:     7   Next: 39%
Magic:  6/6        EV:  7    Int:  5    God:
Gold:   157        SH:  5    Dex:  9    Spells: 6/6 levels left

rFire   + . .      SeeInvis .   a - +0 war axe
rCold   + . .      Faith    .   c - +0 buckler
rNeg    + . .      Spirit   .   l - +0 chain mail
rPois   +          Reflect  .   (helmet restricted)
rElec   +          Harm     .   (no cloak)
rCorr   +          Rampage  .   (no gloves)
Will    .....                   C - +0 pair of boots
Stlth   ..........              (no amulet)
HPRegen 0.20/turn               o - ring of positive energy
MPRegen 0.10/turn               (no ring)

@: brilliant, resistant, flying
A: horns 2, retaliatory headbutt
a: no special abilities


You were on level 5 of the Dungeon.
You visited 1 branch of the dungeon, and saw 5 of its levels.

You collected 157 gold pieces.

Inventory:

Hand Weapons
 a - a +0 war axe (weapon)
Missiles
 f - 6 atropa-tipped darts (quivered)
 y - 2 boomerangs of dispersal
Armour
 b - a +0 scale mail
 c - a +0 buckler (worn)
 l - a +0 chain mail (worn)
 C - a +0 pair of boots (worn)
Jewellery
 o - a ring of positive energy (left hand)
 s - an amulet of the acrobat
 v - a ring of poison resistance
Wands
 w - a wand of charming (14)
Scrolls
 e - 2 scrolls of blinking {unknown}
 h - 4 scrolls of teleportation {unknown}
 i - 8 scrolls of identify {unknown}
 m - a scroll of noise {unknown}
 n - 2 scrolls of silence {unknown}
 p - 4 scrolls of immolation {unknown}
 r - 2 scrolls of enchant armour {unknown}
 A - a scroll of enchant weapon {unknown}
 B - a scroll of magic mapping {unknown}
Potions
 d - a potion of might
 j - a potion of resistance
 k - a potion of haste {unknown}
 q - a potion of curing
 t - a potion of brilliance
 u - a potion of lignification {unknown}
 x - a potion of magic {unknown}
 z - a potion of heal wounds {unknown}


   Skills:
 + Level 6.1 Fighting
 + Level 5.4 Axes
 + Level 6.0 Armour
 + Level 6.0 Shields


You had 6 spell levels left.
You didn't know any spells.
Your spell library contained the following spells:

 Spells                   Type           Power      Damage    Failure   Level
 Ensorcelled Hibernation  Hex/Ice        0%         N/A       100%        2
 Spider Form              Tmut/Pois      0%         N/A       100%        3
 Anguish                  Hex/Necr       0%         N/A       100%        4


Dungeon Overview and Level Annotations

Branches:
Dungeon (5/15)
 Temple: D:4-7

Altars:

Shops:
D:1 (


Innate Abilities, Weirdness & Mutations

You have a pair of horns on your head.
You reflexively headbutt those who attack you in melee.


Message History

You see here a +0 whip.
The gnoll is no longer moving quickly.
The gnoll completely misses you. The gnoll attacks as you move away!
The gnoll hits you but does no damage.
The gnoll bouda barks out a call to the hunt!
The gnoll picks up the pace!
The gnoll bouda calls upon its god to heal something.
You block the gnoll's attack. The gnoll attacks as you move away!
You block the gnoll's attack.
Your attacks no longer feel as feeble.
It was a potion of brilliance.
You feel clever all of a sudden. The gnoll hits you but does no damage.
The gnoll barely misses you.
It was a potion of curing.
You feel better.
The gnoll is no longer moving quickly.
The gnoll closely misses you. You furiously retaliate!
You headbutt the gnoll!
You kill the gnoll!
You block the gnoll's attack. You block the gnoll's attack.
You see here a +0 flail.
You slash the gnoll!
You headbutt the gnoll, but do no damage.
The gnoll is almost dead.
The gnoll hits you with a +0 halberd.
* * * LOW HITPOINT WARNING * * *
The gnoll hits you with a +0 halberd.
* * * LOW HITPOINT WARNING * * *
Unknown command.
You hit the gnoll but do no damage. Your headbutt misses the gnoll.
The gnoll is almost dead.
It was a potion of resistance.
You feel protected.
The gnoll hits you from afar with a +0 halberd!
* * * LOW HITPOINT WARNING * * *
It was a potion of flight.
You feel very buoyant.
You fly up into the air.
The gnoll is no longer moving quickly.
The gnoll bouda barks out a call to the hunt!
The gnoll picks up the pace!
The gnoll hits you from afar with a +0 halberd.
You die...

+.........+...............
#.........####.....#######
#.......# ##.#### #.)...#
#.# #.g.# #.# ##g## #.#
##.# #.# ##..# #.# ##.#.##
#@# ###.###.## #g# .#.##
##.#######g# ..##
##g..)...g# .#.##
##.######### .##.###.##
.....#.## #####.## ###


You could see a gnoll bouda and 2 gnolls.

Vanquished Creatures
  An ice beast (D:5)
  A centaur (D:5)
  2 scorpions (D:4)
  2 hounds
  4 iguanas
  2 orc wizards (D:5)
  10 adders
  2 gnolls (D:5)
  2 ufetubi (D:5)
  3 worms
  A dart slug (D:1)
  An orc (D:5)
  5 bats
  6 endoplasms
  6 giant cockroaches
  12 goblins
  6 hobgoblins
  2 jackals (D:3)
  7 kobolds
  2 quokkas
  3 ball pythons
  2 frilled lizards
  6 rats
  A spectral kobold (D:3)
89 creatures vanquished.

Notes
Turn   | Place    | Note
-------+----------+-------------------------------------------
     0 | D:1      | ChadusMaximus the Minotaur Fighter began the quest for the
                  | Orb.
     0 | D:1      | Reached XP level 1. HP: 19/19 MP: 0/0
    37 | D:1      | Found Onwijid's Antique Weapon Shoppe.
   255 | D:1      | Reached XP level 2. HP: 27/27 MP: 1/1
   608 | D:2      | Reached XP level 3. HP: 32/33 MP: 2/2
  1394 | D:3      | Found a faded altar of an unknown god.
  1541 | D:3      | Reached XP level 4. HP: 32/41 MP: 3/3
  2386 | D:3      | Reached XP level 5. HP: 47/47 MP: 4/4
  2804 | D:4      | Reached skill level 5 in Armour
  2837 | D:4      | Reached skill level 5 in Fighting
  2837 | D:4      | Reached skill level 5 in Shields
  2837 | D:4      | Reached XP level 6. HP: 56/56 MP: 5/5
  3379 | D:5      | Entered Level 5 of the Dungeon
  3554 | D:5      | Reached skill level 5 in Axes
  3555 | D:5      | Reached XP level 7. HP: 54/62 MP: 6/6
  3833 | D:5      | Identified the +1 leather armour "Sogafon" {Harm Regen+
                  | SInv}
  3984 | D:5      | Slain by a gnoll

Illustrated notes

Levels and vault maps discovered:
D:1:      lemuel_arrival_funnel, layout_rooms, serial_shops,
          nicolae_shop_advertising_works [nicolae_subvault_shop_adworks]
D:2:      layout_basic, chequers_serial_rivers_room_a, st_stairs_13,
          minmay_misc_feat_room, minmay_misc_feat_diagonals
D:3:      layout_basic, dreamdust_ecumenical_altar_drowned_temple
D:4:      layout_loops_ring, minmay_distorted
D:5:      layout_loops_corners, kennysheep_little_box

Skill      XL: |  1  2  3  4  5  6  7 |
---------------+----------------------+-----
Fighting       | 4 5 6 |  6.1
Axes           | 3 4 5 |  5.4
Armour         | 4 5 6 |  6.0
Shields        | 4 5 6 |  6.0

Action                   |  1- 3 |  4- 6 |  7- 9 || total
-------------------------+-------+-------+-------++-------
Melee: War axe           |    76 |    95 |    25 ||   196
       Headbutt          |    11 |    19 |     3 ||    33
  Use: Potion            |       |       |     4 ||     4
Armor: Scale mail        |    23 |       |       ||    23
       Chain mail        |    16 |    56 |    18 ||    90
Dodge: Dodged            |    30 |    35 |    19 ||    84
Block: Buckler           |    16 |    24 |    14 ||    54
